 BcadrenCrawl: Boulder Brew version 0.06-249-g3c0b566573 (webtiles) character file.

Game seed: 7848745198364226029, levelgen mode: deterministic

189 gruber the Magician (level 5, 0/28 HPs) Deep Elf Earth Elementalist. Began on Aug 17, 2022. Slain by a cinder newt (3 damage) ... on level 1 of the Dungeon. The game lasted 00:03:12 (884 turns).

gruber the Magician (Deep Elf Earth Elementalist)    Turns: 884, Time: 00:03:13

Health: 0/28       AC:  1    Str:  5    XL:     5 ^: 109
Magic:  13/15      EV: 13    Int: 21    God:
Gold:   79         SH:  0    Dex: 15    Spells: 2/15 levels left

rFire    . . .     Slash    x   d - +1 dagger (speed)
rCold    . . .     Pierce   .   (no weapon)
rNeg     . . .     Bludgeon .   (no armour)
rCorr    . . .     Vision   .   j - +0 helmet
rPois    .         Gourm    .   (no cloak)
rElec    .         Faith    .   (no gloves)
MR       .....     Spirit   .   (no boots)
HPRegen  0.19/turn Reflect  .   (no amulet)
MPRegen  0.25/turn Harm     .   (no ring)
Stlth    ++........             (no ring)

@: no status effects
A: soft flesh
a: no special abilities


You were on level 1 of the Dungeon.
You were not hungry.

You visited 1 branch of the dungeon, and saw 2 of its levels.

You collected 79 gold pieces.

Inventory:

Weapons
 d - a +1 dagger of speed (weapon)
Armour
 b - a +0 robe
 j - a +0 helmet (worn)
Jewellery
 g - a cursed ring of positive energy {(Curse: rC-)}
 k - a cursed ring of fire {(Curse: *Corrode)}
Scrolls
 e - a scroll of enchantment
 m - a scroll of blinking
Potions
 a - a potion of haste
 f - a potion of curing
 h - a potion of resistance
 i - a potion of brilliance
 l - a potion of amnesia
Comestibles
 c - 2 rations


   Skills:
 - Level 2.4 Dodging
 - Level 2.4 Stealth
 + Level 5.6 Spellcasting
 + Level 1.1 Transmutations
 + Level 5.4 Earth Magic


You had 2 spell levels left.
You knew the following spells:

 Your Spells              Type           Power        Failure   Level  Hunger
a - Sandblast             Erth           28 (50)      1%          1    0
b - Stone Arrow Erth 28 (50) 3% 3 3-63 c - Petrify Tmut/Erth 19 (100) 26% 4 83-183 d - Lee's Rapid Deconstr Erth           28 (200)     30%         5    203-363

Your spell library contained the following spells:

 Spells                   Type           Power        Failure   Level  Hunger
 Passwall Tmut/Erth 19 (120) 4% 2 0-3 Methodical Deconstructi Erth           28 (200)     30%         5    203-363


Dungeon Overview and Level Annotations

Branches:
Dungeon (2/8)

Altars:

Shops:
D:2 [


Innate Abilities, Weirdness & Mutations

Your soft flesh is weak to deep cuts.
Heavy manmade armour will nullify this weakness. (rSlashing-)


Message History

Unknown command.
Unknown command.
Unknown command.
Unknown command.
Unknown command.
Unknown command.
Unknown command.
Unknown command.
Unknown command.
Unknown command.
Casting: Sandblast (safe; 1% risk of failure)
Confirm with . or Enter, or press ? or * to list all spells.
Aiming: Sandblast (safe; 1% risk of failure)
Press: ? - help, Shift-Dir - straight line, f - cinder newt
Aim: a submerged cinder newt (71%, 76% to-hit, healthy (10/10), 70% (Melee))
The blast of sand misses the cinder newt.
The cinder newt bites you (1).
* * * LOW HITPOINT WARNING * * *
The cinder newt burns you (3).
You die...

#≈≈≈#.##.....# #.#
#≈≈§#..#.....# ##.#
#≈≈§§........#####..#
≈8≈≈###..[...##.....##
≈≈8≈###..............##
§≈≈≈....##.####.......#
....######.# #?......#
.....#####.####≈.≈....#
...............≈@≈)..##
##...##........≈l≈....#
##......###.###.......#
.....#### #.].#b......#
###########..........##
#...................##
.[#########........##
### ##########


You could see a submerged cinder newt.

Vanquished Creatures
  6 giant cockroaches (D:1)
  A sewer rat (D:1)
  6 cinder newts (D:1)
  3 dart slugs (D:1)
  2 leopard geckos (D:1)
  11 hobgoblins (D:1)
  5 kobolds (D:1)
  6 bats
  4 goblins (D:1)
  9 rats (D:1)
53 creatures vanquished.

Vanquished Creatures (others)
  A rat (D:1)
  3 withered plants (D:2)
4 creatures vanquished.

Grand Total: 57 creatures vanquished

Notes
Turn   | Place    | Note
-------+----------+-------------------------------------------
     0 | D:1      | gruber the Deep Elf Earth Elementalist began the quest for
                  | the Orb.
     0 | D:1      | Reached XP level 1. HP: 10/10 MP: 6/6
    21 | D:1      | Reached XP level 2. HP: 15/15 MP: 4/8
    53 | D:1      | Reached XP level 3. HP: 19/19 MP: 3/10
   191 | D:1      | Reached XP level 4. HP: 24/24 MP: 10/12
   263 | D:1      | Reached skill level 5 in Earth Magic
   602 | D:1      | Reached skill level 5 in Spellcasting
   607 | D:1      | Reached XP level 5. HP: 28/28 MP: 11/14
   833 | D:2      | Found Qudwycw's Antique Armour Emporium.
   853 | D:1      | Learned a level 3 spell: Stone Arrow
   858 | D:1      | Learned a level 4 spell: Petrify
   864 | D:1      | Learned a level 5 spell: Lee's Rapid Deconstruction
   884 | D:1      | Slain by a cinder newt

Levels and vault maps discovered:
D:1:      lightli_arrival_boilingwater, layout_rooms, gup_sewer_entry_bubbles
D:2:      layout_sewer, serial_shops, shop, grunt_decor_arrowhead, uniq_sigmund

Skill      XL: |  1  2  3  4 |
---------------+-------------+-----
Earth Magic    | 4 5 |  5.4
Spellcasting   | 4 5 |  5.6
Dodging        | |  2.4
Stealth        | |  2.4
Transmutations | |  1.1

Action                   |  1- 3 |  4- 6 || total
-------------------------+-------+-------++-------
Melee: Dagger            |     8 |       ||     8
       Unarmed           |     8 |       ||     8
 Cast: Sandblast         |    23 |    37 ||    60
Armor: Robe              |     1 |       ||     1
       Skin              |       |     2 ||     2
Dodge: Dodged            |     1 |     7 ||     8
